 Dungeon Crawl Stone Soup version 0.16.1-28-gcc2312f (webtiles) character file.

542 hemol the Cudgeler (level 7, -1/58 HPs)
             Began as a Minotaur Fighter on May 23, 2015.
             Slain by an orc priest
             ... wielding a +0 whip
              (4 damage)
             ... on level 4 of the Dungeon.
             The game lasted 00:08:47 (3109 turns).

hemol the Cudgeler (Minotaur Fighter)               Turns: 3109, Time: 00:08:48

Health: -1/58      AC:  9    Str: 21    XL:     7   Next: 6%
Magic:  12/12      EV:  7    Int:  5    God:
Gold:   207        SH:  9    Dex: 11    Spells: 0 memorised, 6 levels left

rFire  . . .     SeeInvis .     a - +0 flail
rCold  . . .     Clarity  .     x - -1 scale mail (curse)
rNeg   . . .     SustAb   .     c - +0 shield
rPois  .         Gourm    .     (helmet restricted)
rElec  .         Spirit   .     (no cloak)
rCorr  .         Warding  .     l - +0 pair of gloves (curse)
rMut   .         Stasis   .     r - +0 pair of boots
MR     .....                    (no amulet)
Stlth  ..........               (no ring)
                                u - ring of magical power

@: not resistant to hostile enchantments, extremely unstealthy
A: retaliatory headbutt, horns 2
a: no special abilities


You were on level 4 of the Dungeon.
You were not hungry.

You visited 1 branch of the dungeon, and saw 4 of its levels.

You collected 207 gold pieces.

Inventory:

Hand weapons
 a - a +0 flail (weapon)
 s - a +0 morningstar
Armour
 b - a +0 scale mail
 c - a +0 shield (worn)
 l - a cursed +0 pair of gloves (worn)
 r - a +0 pair of boots (worn)
 x - a cursed -1 scale mail (worn)
Jewellery
 u - a ring of magical power (left hand)
Scrolls
 f - a scroll of identify
 i - 3 scrolls of blinking
 k - 2 scrolls of amnesia
 m - 2 scrolls of recharging {unknown}
 n - a scroll of fog {unknown}
 p - 2 scrolls of fear
 q - a scroll of enchant weapon {unknown}
 t - a scroll of remove curse {unknown}
Potions
 e - a potion of might
 g - 2 potions of brilliance
 j - a potion of curing
 w - a potion of beneficial mutation
 z - a potion of invisibility {unknown}
 A - a potion of agility {unknown}
Comestibles
 d - 4 bread rations
 h - 5 meat rations
 o - 2 fruits
 v - 2 beef jerkies


   Skills:
 - Level 3.8 Fighting
 * Level 7.4 Maces & Flails
 + Level 6.4 Armour
 - Level 3.9 Shields


You had 6 spell levels left.
You didn't know any spells.

Dungeon Overview and Level Annotations

Branches:
Dungeon (4/15)
 Temple: D:4-7

Altars:
Ashenzari
Trog


Innate Abilities, Weirdness & Mutations

You reflexively headbutt those who attack you in melee.
You have a pair of horns on your head.


Message History

You block the orc's attack.
You sock the orc priest!
You kill the orc priest!
You have reached level 7!
The orc hits you but does no damage.
You sock the orc!
You kill the orc!
The orc priest utters an invocation to Beogh.
You feel a wave of unholy energy pass over you.
Things that are here:
a falchion; an orc corpse The orc priest hits you but does no damage.
You barely miss the orc priest. Your headbutt misses the orc priest.
The orc priest calls down the wrath of Beogh upon you.
Something smites you!
* * * LOW HITPOINT WARNING * * *
You sock the orc priest!
The orc priest is heavily wounded.
The orc priest hits you with a whip.
You die...

.######### #..#.##
.........#### #.....#
.............####....##
....!...................
...?....................
........†.[.............
.........)...............
.........................
........@................
........o................
...................÷))..
.....................)..
.....................)..
.......................
.....................#
..............[..†..# ...
..........##.


You could see an orc priest.

Vanquished Creatures
  Grinder (D:4)
  5 orc priests (D:4)
  Robin (D:4)
  3 gnolls (D:2)
  3 adders
  2 giant mites (D:3)
  2 worms (D:3)
  2 giant geckos
  An ooze (D:3)
  10 orcs
  7 bats
  3 giant cockroaches
  2 hobgoblins
  3 jackals (D:2)
  10 kobolds
  A quokka (D:4)
  4 giant newts
  19 goblins
  A jackal skeleton (D:3)
  20 rats
100 creatures vanquished.

Notes
Turn   | Place    | Note
--------------------------------------------------------------
     0 | D:1      | hemol, the Minotaur Fighter, began the quest for the Orb.
     0 | D:1      | Reached XP level 1. HP: 19/19 MP: 1/1
   143 | D:1      | Reached XP level 2. HP: 27/27 MP: 1/1
   629 | D:2      | Reached skill level 4 in Armour
   629 | D:2      | Reached XP level 3. HP: 29/33 MP: 2/2
   908 | D:2      | Reached XP level 4. HP: 40/40 MP: 2/2
  1101 | D:2      | Noticed a moth of wrath
  1104 | D:2      | Found a bloodstained altar of Trog.
  1908 | D:3      | Reached skill level 5 in Armour
  2000 | D:3      | Reached XP level 5. HP: 46/46 MP: 2/2
  2046 | D:3      | Reached skill level 5 in Maces & Flails
  2405 | D:4      | Found a shattered altar of Ashenzari.
  2416 | D:4      | Noticed Grinder
  2428 | D:4      | Paralysed by Grinder for 7 turns
  2440 | D:4      | Killed Grinder
  2440 | D:4      | Reached skill level 6 in Maces & Flails
  2440 | D:4      | Reached XP level 6. HP: 11/52 MP: 3/3
  2663 | D:4      | Noticed Robin
  2698 | D:4      | Killed Robin
  2900 | D:4      | Reached skill level 7 in Maces & Flails
  3103 | D:4      | Reached XP level 7. HP: 13/58 MP: 3/3
  3109 | D:4      | Slain by an orc priest

Action                   |  1- 3 |  4- 6 |  7- 9 || total
-------------------------+-------+-------+-------++-------
Melee: Flail             |    67 |   204 |     3 ||   274
  Use: Scroll            |       |     6 |       ||     6
       Potion            |       |     1 |       ||     1
  Eat: Chunk             |       |     7 |       ||     7
